 Dungeon Crawl Stone Soup version 0.19-a0-916-g8ae7e35 (webtiles) character file.

749 Implojin the Cleaver (level 7, 0/57 HPs)
             Began as a Minotaur Fighter on July 6, 2016.
             Succumbed to a water moccasin's poison
             ... on level 6 of the Dungeon.
             The game lasted 00:08:20 (922 turns).

Implojin the Cleaver (Minotaur Fighter)              Turns: 922, Time: 00:08:21

Health: 0/57       AC:  8    Str: 20    XL:     7   Next: 48%
Magic:  6/6        EV:  7    Int:  5    God:
Gold:   5          SH:  9    Dex: 12    Spells: 0 memorised, 6 levels left

rFire  . . .     SeeInvis .     a - +0 war axe
rCold  . . .     Gourm    .     b - +0 scale mail
rNeg   . . .     Faith    .     c - +0 shield
rPois  .         Spirit   .     (helmet restricted)
rElec  .         Dismiss  .     i - +0 cloak
rCorr  .         Reflect  .     (no gloves)
SustAt .         Harm     .     (no boots)
MR     .....                    (no amulet)
Stlth  ..........               (no ring)
                                (no ring)

@: lethally poisoned (0 -> -2), not resistant to hostile enchantments, extremely
unstealthy
A: retaliatory headbutt, horns 2
a: no special abilities


You were on level 6 of the Dungeon.
You were not hungry.

You visited 1 branch of the dungeon, and saw 6 of its levels.

You collected 27 gold pieces.
You spent 22 gold pieces at shops.

Inventory:

Hand Weapons
 a - a +0 war axe (weapon)
Armour
 b - a +0 scale mail (worn)
 c - a +0 shield (worn)
 i - a +0 cloak (worn)
Scrolls
 e - a scroll of recharging
 j - a scroll of enchant armour
 l - a scroll of magic mapping
 o - a scroll of immolation
Books
 r - a book of the Dragon

   Spells                             Type                      Level
   a - Flame Tongue                   Conjuration/Fire             1
   b - Cause Fear                     Hexes                        4
   c - Bolt of Fire                   Conjuration/Fire             6
   d - Dragon Form                    Transmutation                7
   e - Dragon's Call                  Summoning                    9
Comestibles
 f - 3 bread rations
 h - a meat ration


   Skills:
 - Level 3.6 Fighting
 * Level 10.2 Axes
 - Level 3.6 Armour
 - Level 3.6 Shields


You had 6 spell levels left.
You didn't know any spells.

Dungeon Overview and Level Annotations

Branches:
Dungeon (6/15)
 Temple: D:4-7

Altars:
Cheibriados
Fedhas
Hepliaklqana
Makhleb
Uskayaw

Shops:
D:5 ??   D:6 }

Annotations:
D:5 Prince Ribbit


Innate Abilities, Weirdness & Mutations

You reflexively headbutt those who attack you in melee.
You have a pair of horns on your head.


Message History

* * * LOW HITPOINT WARNING * * *
You block the water moccasin's attack.
Unknown command.
As you read the scroll of teleportation, it crumbles to dust.
You feel strangely unstable.
* * * LOW HITPOINT WARNING * * *
You feel sick. The water moccasin barely misses you.
You block the water moccasin's attack.
Unknown command.
You barely miss the water moccasin.
The water moccasin is heavily wounded.
* * * LOW HITPOINT WARNING * * *
You feel sick.
The water moccasin bites you but does no damage.
Unknown command.
You slash the water moccasin!
You kill the water moccasin!
Your Axes skill increases to level 10!
* * * LOW HITPOINT WARNING * * *
You feel sick.
Your surroundings suddenly seem different.
* * * LOW HITPOINT WARNING * * *
You feel sick.
Okay, then.
As you read the scroll labeled XOMNAL NEXT, it crumbles to dust.
You feel blessed for a moment.
It was a scroll of remove curse.
* * * LOW HITPOINT WARNING * * *
You feel sick.
As you read the scroll labeled WOMEIM NUTEFF, it crumbles to dust.
You hear a lullaby played backwards.
It was a scroll of random uselessness.
* * * LOW HITPOINT WARNING * * *
You feel sick.
* * * LOW HITPOINT WARNING * * *
You feel sick.
* * * LOW HITPOINT WARNING * * *
You feel sick.
* * * LOW HITPOINT WARNING * * *
You feel sick.
You die...

#. #.#
####.####
#.......####
#.##.......#
#.##.##.##.#
#.##....##.#
##.#.....##.#
+@.......##.#
##.#.....##.#
#..........#
######.#####
#.# #.# #. .


There were no monsters in sight!

Vanquished Creatures
  Duvessa (D:5)
  A water moccasin (D:6)
  An orc warrior (D:6)
  Dowan (D:5)
  A crimson imp (D:6)
  A hound (D:5)
  4 orc wizards
  A giant frog skeleton (D:4)
  2 orc priests
  Terence (D:2)
  A worker ant (D:5)
  4 adders
  A worm (D:2)
  2 dart slugs
  2 giant geckos (D:2)
  7 orcs
  A ball python (D:2)
  A giant cockroach (D:4)
  2 goblins
  4 hobgoblins
  2 quokkas
  A bat (D:2)
  2 giant newts
  5 kobolds
  A quokka skeleton (D:5)
  2 rats (D:2)
  2 fungi (D:5)
54 creatures vanquished.

Notes
Turn   | Place    | Note
-------+----------+-------------------------------------------
     0 | D:1      | Implojin the Minotaur Fighter began the quest for the Orb.
     0 | D:1      | Reached XP level 1. HP: 19/19 MP: 0/0
    96 | D:2      | Noticed Terence
   101 | D:2      | Reached skill level 3 in Axes
   106 | D:2      | Killed Terence
   106 | D:2      | Reached skill level 4 in Axes
   106 | D:2      | Reached XP level 2. HP: 25/26 MP: 1/1
   106 | D:2      | Reached XP level 3. HP: 30/31 MP: 2/2
   390 | D:2      | Reached skill level 5 in Axes
   453 | D:3      | Reached XP level 4. HP: 32/39 MP: 3/3
   469 | D:3      | Reached skill level 6 in Axes
   469 | D:3      | Reached XP level 5. HP: 45/45 MP: 4/4
   522 | D:3      | Found a burning altar of Makhleb.
   527 | D:3      | Found a snail-covered altar of Cheibriados.
   530 | D:3      | Found a blossoming altar of Fedhas.
   533 | D:3      | Found a hide-covered altar of Uskayaw.
   547 | D:3      | You fall through a shaft!
   547 | D:4      | Found a hazy altar of Hepliaklqana.
   573 | D:5      | Entered Level 5 of the Dungeon
   579 | D:5      | Reached skill level 7 in Axes
   599 | D:4      | Reached XP level 6. HP: 50/51 MP: 5/5
   622 | D:4      | Reached skill level 8 in Axes
   733 | D:6      | Found Zygum's Gadget Boutique.
   766 | D:5      | Noticed Duvessa
   767 | D:5      | Noticed Dowan
   777 | D:5      | Killed Dowan
   781 | D:5      | Killed Duvessa
   781 | D:5      | Reached skill level 9 in Axes
   781 | D:5      | Reached XP level 7. HP: 6/57 MP: 6/6
   808 | D:5      | Found Irghiw Tino's Magic Scroll Shop.
   808 | D:5      | Noticed Prince Ribbit
   852 | D:5      | Found Popas's Magic Scroll Boutique.
   859 | D:5      | Bought a scroll of identify for 22 gold pieces
   909 | D:6      | Reached skill level 10 in Axes
   915 | D:6      | HP: 2/57 [poisoned by a water moccasin]
   922 | D:6      | Succumbed to a water moccasin's poison

Vault maps used:
D:1:      dpeg_arrival_signposts
D:2:      minmay_bisected, uniq_terence
D:3:      grunt_temple_overflow_cloverleaf, st_stairs_6, uniq_grinder
D:4:      kennysheep_mini, lemuel_crystal_altar, portal_sewer_entry_d,
          first_bread, hangedman_feature_mirror
D:5:      minmay_shoptagon, serial_shops, nicolae_shop_stone,
          minmay_gold_behind_fungi, uniq_duvessa, uniq_prince_ribbit1
D:6:      serial_shops, kennysheep_mini_moat, uniq_menkaure

Skill      XL: |  1  2  3  4  5  6  7 |
---------------+----------------------+-----
Axes           | 4 5 6 7 9 10 | 10.2
Fighting       | |  3.6
Armour         | |  3.6
Shields        | |  3.6

Action                   |  1- 3 |  4- 6 |  7- 9 || total
-------------------------+-------+-------+-------++-------
Melee: War axe           |    51 |    81 |    22 ||   154
       Headbutt          |     5 |    10 |     4 ||    19
  Use: Potion            |       |     2 |     3 ||     5
       Scroll            |       |       |     9 ||     9
Armor: Scale mail        |    31 |    42 |     3 ||    76
       Skin              |       |    22 |     5 ||    27
Dodge: Dodged            |    20 |    17 |     3 ||    40
Block: Shield            |    35 |    44 |    10 ||    89

Table legend:
 A = Turns spent in this place as a percentage of turns spent in the entire game.
 B = Non-inter-level travel turns spent in this place as a percentage of non-inter-level travel turns spent in the entire game.
 C = Inter-level travel turns spent in this place as a percentage of turns spent in this place.
 D = Turns resting spent in this place as a percentage of non-inter-level travel turns spent in this place.
 E = Turns spent auto-exploring this place as a percentage of non-inter-level travel turns spent in this place.
 F = Non-inter-level travel turns spent in this place divided by the number of levels of this place that you've seen.
                   A       B       C       D       E      F
               +-------+-------+-------+-------+-------+----------------------
         Total | 100.0 | 100.0 |   0.0 |   0.2 |   0.0 | 166.7
       Dungeon | 100.0 | 100.0 |   0.0 |   0.2 |   0.0 | 166.7
               +-------+-------+-------+-------+-------+----------------------

Table legend:
 A = Kills in this place as a percentage of kills in entire the game.
 B = Kills by you in this place as a percentage of kills by you in the entire game.
 C = Kills by friends in this place as a percentage of kills by friends in the entire game.
 D = Other kills in this place as a percentage of other kills in the entire game.
 E = Experience gained in this place as a percentage of experience gained in the entire game.
 F = Experience gained in this place divided by the number of levels of this place that you have seen.
                   A       B       C       D       E      F
               +-------+-------+-------+-------+-------+----------------------
         Total | 100.0 | 100.0 |  -nan |  -nan | 100.0 | 178.5
       Dungeon | 100.0 | 100.0 |  -nan |  -nan | 100.0 | 178.5
               +-------+-------+-------+-------+-------+----------------------
